 Dungeon Crawl Stone Soup version 0.30-a0-782-ge64f9170bb (console) character file.

Game seed: 13084025955155337994

3717 utis the Destroyer (level 10, 0/59 HPs)
             Began as a Tengu Wanderer on Feb 25, 2023.
             Slain by a two-headed ogre
             ... wielding a +0 giant club
              (13 damage)
             ... on level 8 of the Dungeon.
             The game lasted 00:42:57 (10967 turns).

utis the Destroyer (Tengu Wanderer)                Turns: 10967, Time: 00:42:58

Health: 0/59       AC: 17    Str: 10    XL:     10   Next: 14%
Magic:  7/12       EV: 14    Int: 14    God:
Gold:   362        SH:  0    Dex: 19    Spells: 4/11 levels left

rFire   . . .      SeeInvis .    K - +0 short sword (elec)
rCold   + . .      Faith    .    (no shield)
rNeg    . . .      Spirit   .    l - +7 Kryia's mail coat {PotionHeal*2 rC+}
rPois   +          Reflect  .    C - +2 hat
rElec   .          Harm     .    h - +0 cloak
rCorr   .          Rampage  .    (no gloves)
Will    .....                    (boots unavailable) Stlth
                                 (no amulet)
HPRegen 0.29/turn                P - ring of poison resistance
MPRegen 0.13/turn                (no ring)

@: flying quickly and evasively, quick
A: beak, talons 3, nimble flight
a: no special abilities


You were on level 8 of the Dungeon.
You visited 1 branch of the dungeon, and saw 9 of its levels.
You also visited: Sewer.

You collected 714 gold pieces.
You spent 352 gold pieces at shops.

Inventory:

Hand Weapons
 a - a +3 dagger of venom
 b - a +2 falchion
 d - a +0 dagger
 x - the +3 dagger of Light {protect, Str+3}
   (You bought it in a shop on level 1 of the Dungeon)

   Str:       It affects your strength (+3).
 y - a +1 dagger of venom
 F - a +2 battleaxe
 K - a +0 short sword of electrocution (weapon)
Missiles
 c - 18 boomerangs
 g - 15 poisoned darts
 p - 2 curare-tipped darts {=f}
 E - a throwing net {=f}
Armour
 f - a +0 leather armour
 h - a +0 cloak (worn)
 l - the +7 Kryia's mail coat (worn) {PotionHeal*2 rC+}
   (You acquired it on level 3 of the Dungeon)

   PotionHeal*2: Potions heal its wearer twice as much.
   rC:        It protects you from cold.
 n - the +1 scale mail of Honesty {rPois Str+3}
   (You acquired it on level 3 of the Dungeon)

   Str:       It affects your strength (+3).
   rPois:     It protects you from poison.
 C - a +2 hat (worn)
 L - +0 swamp dragon scales
Jewellery
 N - a ring of positive energy
 P - a ring of poison resistance (left hand)
Wands
 v - a wand of roots (13)
 H - a wand of quicksilver (8)
Scrolls
 e - a scroll of fog
 o - 2 scrolls of teleportation {@r4}
 r - 3 scrolls of blinking
 z - 3 scrolls of fear
 B - a scroll of enchant armour
 D - a scroll of magic mapping {unknown}
 G - 3 scrolls of poison
 I - a scroll of enchant weapon {unknown}
 J - a scroll of immolation {unknown}
Potions
 i - 5 potions of curing {@q1}
 j - 3 potions of attraction
 k - a potion of heal wounds {@q2}
 m - 4 potions of haste {@q3}
 q - 4 potions of brilliance
 s - 2 potions of magic
 t - 3 potions of invisibility
 u - 3 potions of lignification
 w - a potion of might
 A - 2 potions of ambrosia


   Skills:
 + Level 5.5 Fighting
 - Level 4.3 Long Blades
 - Level 1.0 Throwing
 + Level 3.9 Armour
 + Level 8.0 Dodging
 - Level 1.0 Spellcasting
 + Level 9.4 Conjurations
 + Level 5.8 Translocations
 - Level 3.0 Evocations


You had 4 spell levels left.
You knew the following spells:

 Your Spells              Type           Power      Damage    Failure   Level
v - Blink                 Tloc           34%        N/A       22%         2
y - Searing Ray           Conj           54%        2d6       4%          2
z - Summon Small Mammal   Summ           0%         N/A       85%         1
Y - Momentum Strike       Conj/Tloc      44%        3d9       11%         2

Your spell library contained the following spells:

 Spells                   Type           Power      Damage    Failure   Level
 Lesser Beckoning         Tloc           34%        N/A       22%         2
 Mephitic Cloud           Conj/Pois/Air  9%         N/A       80%         3
 Slow                     Hex            0%         N/A       85%         1
 Cigotuvi's Dreadful Rot  Necr/Pois/Air  0%         N/A       94%         2
 Poisonous Vapours        Pois/Air       0%         N/A       94%         2
 Confusing Touch          Hex            0%         N/A       99%         3
 Inner Flame              Hex/Fire       0%         N/A       99%         3
 Vampiric Draining        Necr           0%         2d6       99%         3
 Blade Hands              Tmut           0%         N/A       100%        5
 Irradiate                Conj/Tmut      6%         3d13      100%        5
 Silence                  Hex/Air        0%         N/A       100%        5
 Dragon Form              Tmut           0%         N/A       100%        7


Dungeon Overview and Level Annotations

Branches:
Dungeon (9/15)             Temple (0/1) D:7           Sewer (visited)
   Lair: D:8-11         Orc: D:9-12

Altars:
Elyvilon
Gozag
Makhleb
Uskayaw
Zin

Shops:
D:1 ?**(   D:2 (   D:4 (?   D:6 [(?!(


Innate Abilities, Weirdness & Mutations

You have a beak for a mouth.
You have claws for feet.
Your magical nature lets you fly swiftly and evasively.


Message History

There is a stone staircase leading up here.
There is a stone staircase leading down here.
You fly downwards.
The two-headed ogre barely misses you.
The two-headed ogre hits you but does no damage.
The steam dragon breathes steam at you.
The ball of steam hits you but does no damage.
There is a stone staircase leading up, spattered with blood here.
Unknown command.
You are engulfed in a cloud of scalding steam.
You fly upwards.
There is a stone staircase leading down here.
Casting: Searing Ray (safe; 4% risk of failure)
Confirm with . or Enter, or press ? or * to list all spells.
Aiming: Searing Ray (safe; 4% risk of failure)
Press: ? - help, Shift-Dir - straight line, f - two-headed ogre
Aim: a two-headed ogre, wielding two +0 giant clubs (90% to hit)
The searing ray misses the two-headed ogre. (Press . to maintain the ray.)
The searing ray hits the two-headed ogre!
The two-headed ogre is lightly wounded.
The searing ray hits the two-headed ogre.
The two-headed ogre is lightly wounded.
The two-headed ogre hits you with a +0 giant club!!
The two-headed ogre misses you.
The searing ray hits the two-headed ogre.
The two-headed ogre is moderately wounded.
You finish channelling your searing ray.
The two-headed ogre hits you with a +0 giant club.
The two-headed ogre hits you but does no damage.
You hit the two-headed ogre.
You claw the two-headed ogre, but do no damage.
Your peck misses the two-headed ogre.
The two-headed ogre is moderately wounded.
You barely miss the two-headed ogre. You claw the two-headed ogre.
You peck the two-headed ogre. You punch the two-headed ogre.
The two-headed ogre is heavily wounded.
The two-headed ogre hits you with a +0 giant club!!
* * * LOW HITPOINT WARNING * * *
The two-headed ogre hits you with a +0 giant club!
You die...

░..........░ ░.░░░➘░░░░░░░░
░░░░░░░....░░░░.......░ ░
░.░...........░.░░░░░░ ░░
░.░.░░░░░..░░......... .░░░░░░░
░.░.░ ░.............
.......░░░░░.░.░ ░░.░░.░░░░░░░.
.░.<.........[.░░ ░.░░.░ ░.
░░░░░░..........░░░░░.░░.░ ░.
░.....>......░░.QO....░░.░░░░░░░.
░.░░░░░░░░░░░░░░░░░░░░░░.......░.
..░ ░░░░░░░... ░░░ ░░░░


You could see a two-headed ogre.

Vanquished Creatures
  Joseph (D:7)
  Maggie (D:8)
  Grinder (Sewer)
  Sigmund (D:3)
  A shadow (D:4)
  3 yaks (D:6)
  2 water moccasins
  6 ice beasts
  An ogre (D:5)
  2 black bears
  A centaur (D:6)
  A phantom (D:6)
  2 kobold brigands
  A necrophage (D:6)
  3 wights
  2 quasits (Sewer)
  A hound (D:5)
  A jelly (D:6)
  A gnoll bouda (D:8)
  An orc wizard (D:4)
  3 iguanas
  10 gnolls
  A river rat (D:3)
  10 adders
  4 shadow imps
  A white imp (D:6)
  4 ufetubi (Sewer)
  2 worms
  14 orcs
  3 bats
  A bat zombie (Sewer)
  10 endoplasms
  6 giant cockroaches
  5 goblins
  6 hobgoblins
  17 jackals
  34 kobolds
  2 quokkas
  7 ball pythons
  A frilled lizard (D:1)
  A giant cockroach zombie (Sewer)
  7 rats
182 creatures vanquished.

Vanquished Creatures (others)
  A bat zombie (Sewer)
  2 kobold zombies (Sewer)
  3 plants
6 creatures vanquished.

Grand Total: 188 creatures vanquished

Notes
Turn   | Place    | Note
-------+----------+-------------------------------------------
     0 | D:1      | utis the Tengu Wanderer began the quest for the Orb.
     0 | D:1      | utis set off with the following items: a +2 falchion, a
                  | potion of attraction, 6 boomerangs, a +0 dagger, a scroll
                  | of fog, a +0 leather armour.
     0 | D:1      | Reached XP level 1. HP: 12/12 MP: 2/2
    66 | D:1      | Reached skill level 1 in Dodging
    66 | D:1      | Reached XP level 2. HP: 18/18 MP: 3/3
   261 | D:1      | Found Mirghos's Antique Weapon Emporium.
   350 | D:1      | Got Numnosm's Vademecum on the Brilliant Evil Eye
   373 | D:1      | Found Yneocw's Assorted Antiques.
   386 | D:1      | Reached XP level 3. HP: 22/22 MP: 4/4
   670 | D:1      | Found Dereas's Magic Scroll Boutique.
   684 | D:1      | Bought a scroll of identify for 26 gold pieces
   714 | D:1      | Found Usoosaaf's General Store.
  1059 | D:2      | Reached skill level 1 in Spellcasting
  1059 | D:2      | Reached XP level 4. HP: 28/28 MP: 6/6
  1216 | D:2      | Found a faded altar of an unknown god.
  1243 | D:2      | Got Plato's Secrets of Beckoning
  1568 | D:2      | Found Qograj's Antique Weapon Boutique.
  1703 | D:3      | Identified 2 scrolls of acquirement
  1703 | D:3      | Acquired the +1 scale mail of Honesty {rPois Str+3}
  1718 | D:3      | Learned a level 2 spell: Searing Ray
  1732 | D:2      | Gained mutation: Your magical nature lets you fly swiftly
                  | and evasively. [Tengu growth]
  1732 | D:2      | Reached XP level 5. HP: 29/32 MP: 7/7
  1748 | D:3      | Reached skill level 1 in Conjurations
  1970 | D:3      | Noticed an ice beast
  2001 | D:3      | Found a glowing drain.
  2005 | Sewer    | Entered a sewer
  2123 | Sewer    | Reached skill level 2 in Conjurations
  2207 | Sewer    | Found a burning altar of Makhleb.
  2226 | Sewer    | Noticed Grinder
  2248 | Sewer    | fuckit
  2297 | Sewer    | Killed Grinder
  2298 | Sewer    | Reached skill level 5 in Dodging
  2298 | Sewer    | Reached skill level 4 in Conjurations
  2298 | Sewer    | Reached XP level 6. HP: 23/37 MP: 8/8
  2405 | Sewer    | Reached XP level 7. HP: 38/41 MP: 9/9
  2485 | Sewer    | Reached skill level 5 in Conjurations
  3184 | D:3      | Noticed Sigmund
  3287 | D:3      | Killed Sigmund
  3288 | D:3      | Reached skill level 6 in Conjurations
  3534 | D:3      | Reached XP level 8. HP: 46/46 MP: 5/10
  3761 | D:1      | Bought an ancient dagger for 196 gold pieces
  3761 | D:1      | Identified the +3 dagger of Light {protect, Str+3} (You
                  | bought it in a shop on level 1 of the Dungeon)
  3968 | D:4      | Found Cuexiuw's Antique Weapon Boutique.
  4011 | D:4      | Found a hide-covered altar of Uskayaw.
  4019 | D:4      | Found Ituohomm's Magic Scroll Shop.
  4026 | D:4      | Bought a scroll of blinking for 75 gold pieces
  4715 | D:4      | Learned a level 2 spell: Blink
  4718 | D:4      | Learned a level 2 spell: Momentum Strike
  4978 | D:5      | Entered Level 5 of the Dungeon
  5016 | D:5      | Reached skill level 7 in Conjurations
  5019 | D:5      | Noticed a shadow
  5354 | D:5      | You are sucked into a shaft and drop 1 floor!
  5354 | D:6      | Found Guatwae's Distillery.
  5354 | D:6      | Found Marhi's Magic Scroll Shop.
  5358 | D:6      | Bought a potion of might for 44 gold pieces
  5370 | D:6      | Bought a scroll of noise for 11 gold pieces
  5670 | D:5      | Reached skill level 1 in Translocations
  6465 | D:4      | Killed a shadow
  6466 | D:4      | Reached skill level 8 in Conjurations
  6809 | D:6      | Learned a level 1 spell: Summon Small Mammal
  6827 | D:6      | Found Yloasm's Antique Armour Shop.
  6993 | D:6      | Reached XP level 9. HP: 52/52 MP: 2/11
  7336 | D:6      | Reached skill level 5 in Translocations
  7501 | D:6      | Found Qixkoul's Antique Weapon Shoppe.
  7583 | D:6      | Found Voehow's Weapon Boutique.
  7676 | D:6      | Found an opulent altar of Gozag.
  7824 | D:6      | Reached skill level 1 in Armour
  8068 | D:6      | Found a burning altar of Makhleb.
  8141 | D:6      | Acquired the +7 Kryia's mail coat {PotionHeal*2 rC+}
  8141 | D:6      | Found the +7 Kryia's mail coat {PotionHeal*2 rC+}
  8554 | D:7      | Found a staircase to the Ecumenical Temple.
  8693 | D:7      | Found a white marble altar of Elyvilon.
  8868 | D:7      | Noticed Joseph
  8886 | D:7      | HP: 1/52 [Joseph/+0 quarterstaff (11)]
  8889 | D:7      | Killed Joseph
  8890 | D:7      | Reached skill level 5 in Fighting
  9070 | D:7      | Reached skill level 9 in Conjurations
  9531 | D:8      | Reached XP level 10. HP: 58/59 MP: 0/12
  9655 | D:8      | Noticed Maggie
  9704 | D:8      | Killed Maggie
 10019 | D:8      | Found a glowing silver altar of Zin.
 10872 | D:9      | Noticed a two-headed ogre
 10967 | D:8      | Slain by a two-headed ogre

Illustrated notes

░≈≈≈≈≈≈░..)≈≈≈≈≈≈≈░≈≈≈░
░≈≈≈≈≈~░...░≈≈~≈≈≈░≈≈≈░
░≈~≈≈....≈...~≈≈≈≈░≈≈≈░
░~..≈..░≈≈≈░..~~~.░≈~~░
░...➘..░≈≈≈░......░≈~~░
░'░░░░░░░≈░░░░░░░'░)~~░
░...)..░...░......░..≈░
░~~.~~))).....~.~≈~~~≈░
░≈≈≈≈~≈░.†Q░≈≈≈≈≈≈░≈≈≈░
░░░░░░░▒▒+▒▒░░░░░░░░░░░
▒▒▒...▒▒▒ ▒▒▒▒▒
▒...§...▒~~~≈≈≈
+.......'5.....
+.§._.§.'......
+.......'......
▒..§.§..▒≈≈≈~≈≈
▒▒.....▒▒▒▒▒▒▒▒


Turn 2248 on Sewer: fuckit

Levels and vault maps discovered:
D:1:      minmay_arrival_arboretum_large, layout_basic, serial_shops,
          nicolae_shop_behind_doors, nicolae_shop_statue_plus, shop,
          nicolae_square_shop
D:2:      layout_basic, serial_shops, nicolae_shop_window_shopping,
          shapermc_ecumenical_altar_rom_forum
D:3:      layout_basic, gup_sewer_entry_bowl, uniq_sigmund
D:4:      layout_loops_cross, kennysheep_mini, serial_shops,
          nicolae_shop_waterfront, nicolae_shop_behind_doors,
          hangedman_abyss_or_decor_passed, nrook_uturn, chequers_big_river,
          minmay_stone_trees_large, chequers_serial_rivers_large_b
D:5:      layout_loops_corners
D:6:      layout_loops_ring, mainiacjoe_overflow_cross_hatched,
          mainiacjoe_overflow_concentric_impassable, serial_shops,
          nicolae_shop_statue_plus, shop, shop_statue, kennysheep_mini_moat,
          shop_statue
D:7:      layout_loops_ring, nicolae_elyvilon_peaceful_grove,
          minmay_temple_entry_mist, uniq_joseph
D:8:      layout_loops_ring, amcnicky_altar_gilded, uniq_maggie
D:9:      layout_rooms, mainiacjoe_overflow_boulevard, uniq_erica, uniq_amaemon

Skill      XL: |  1  2  3  4  5  6  7  8  9 10 |
---------------+-------------------------------+-----
Dodging        | 1 2 3 5 6 7 8 |  8.0
Fighting       | 3 4 5 |  5.5
Spellcasting   | 1 |  1.0
Conjurations   | 4 6 8 9 |  9.4
Translocations | 4 5 |  5.8
Armour         | 3 |  3.9
Long Blades    | |  4.3
Throwing       | |  1.0
Evocations     | |  3.0

Action                     |  1- 3 |  4- 6 |  7- 9 | 10-12 || total
---------------------------+-------+-------+-------+-------++-------
  Melee: Falchion          |    59 |    90 |    17 |       ||   166
         Peck              |     9 |    15 |    42 |     2 ||    68
         Kick              |    12 |    27 |    79 |     3 ||   121
         Punch             |     2 |       |     1 |     1 ||     4
         Dagger            |       |    14 |   183 |    13 ||   210
         Short sword       |       |       |       |     8 ||     8
  Throw: Boomerang         |     1 |     1 |       |       ||     2
   Cast: Searing Ray       |       |       |    46 |     8 ||    54
         Momentum Strike   |       |       |     4 |       ||     4
    Use: Scroll            |     1 |     4 |     9 |     4 ||    18
         Potion            |       |       |     1 |     3 ||     4
   Stab: Sleeping          |     3 |       |       |       ||     3
 Armour: Leather armour    |    18 |     5 |       |       ||    23
         Scale mail        |       |    38 |    92 |    10 ||   140
         Skin              |       |       |       |     4 ||     4
  Dodge: Dodged            |    29 |    86 |   163 |    14 ||   292

Table legend: (Time is in decaauts)
 A = Elapsed time spent in this place.
 B = Non-inter-level travel time spent in this place.
 C = Inter-level travel time spent in this place.
 D = Time resting spent in this place.
 E = Time spent auto-exploring this place.
 F = Levels seen in this place.
 G = Mean time per level.
                   A        B        C        D        E       F      G
               +--------+--------+--------+--------+--------+-----+--------+
         Total |  10330 |   9577 |    753 |   2007 |   5564 |  10 | 1033.0 |
       Dungeon |   9733 |   8980 |    753 |   1832 |   5383 |   9 | 1081.4 |
         Sewer |    596 |    596 |      0 |    175 |    180 |   1 |  596.0 |
               +--------+--------+--------+--------+--------+-----+--------+

Top non-repeatable levels by time:
     D:6: 1593 daAuts
     D:5: 1448 daAuts
     D:4: 1414 daAuts
     D:3: 1313 daAuts
     D:8: 1282 daAuts
     D:1: 997 daAuts
     D:2: 858 daAuts
     D:7: 814 daAuts
   Sewer: 596 daAuts
     D:9: 11 daAuts
